 Dungeon Crawl Stone Soup version 0.29-a0-298-g3c90f9a769 (webtiles) character file.

Game seed: 13306053344699981208

2 Ajdolov the Covert (level 1, -1/23 HPs)
             Began as a Gnoll Delver on Mar 23, 2022.
             Slain by an orc
             ... wielding a +2 vorpal hand axe
              (2 damage)
             ... on level 5 of the Dungeon.
             The game lasted 00:00:20 (47 turns).

Ajdolov the Covert (Gnoll Delver)                     Turns: 47, Time: 00:00:21

Health: -1/23      AC:  3    Str: 11    XL:     1   Next: 30%
Magic:  1/1        EV: 13    Int:  9    God:
Gold:   28         SH:  0    Dex: 13    Spells: 0/0 levels left

rFire   . . .      SeeInvis .   a - +0 falchion
rCold   . . .      Faith    .   (no shield)
rNeg    . . .      Spirit   .   b - +0 leather armour
rPois   .          Reflect  .   (no helmet)
rElec   .          Harm     .   (no cloak)
rCorr   .          Rampage  .   (no gloves)
Will    .....                   (no boots)
Stlth   ++++......              (no amulet)
HPRegen 0.07/turn               (no ring)
MPRegen 0.07/turn               (no ring)

@: no status effects
A: fangs 1, strong nose, distributed training
a: no special abilities


You were on level 5 of the Dungeon.
You visited 1 branch of the dungeon, and saw 1 of its levels.

You collected 28 gold pieces.

Inventory:

Hand Weapons
 a - a +0 falchion (weapon)
Armour
 b - a +0 leather armour (worn)
Wands
 g - a wand of digging (3)
Scrolls
 c - a scroll of fog
 d - a scroll of magic mapping
 e - a scroll of fear
Potions
 f - a potion of haste


   Skills:
 + Level 6.4 Fighting
 + Level 0.0 Short Blades
 + Level 4.4 Long Blades
 + Level 0.0 Axes
 + Level 0.0 Maces & Flails
 + Level 0.0 Polearms
 + Level 0.0 Staves
 + Level 0.0 Slings
 + Level 0.0 Bows
 + Level 0.0 Crossbows
 + Level 0.0 Throwing
 + Level 0.0 Armour
 + Level 4.4 Dodging
 + Level 9.5 Stealth
 + Level 0.0 Shields
 + Level 0.0 Unarmed Combat
 + Level 0.0 Spellcasting
 + Level 0.0 Conjurations
 + Level 0.0 Hexes
 + Level 0.0 Summonings
 + Level 0.0 Necromancy
 + Level 0.0 Translocations
 + Level 0.0 Transmutations
 + Level 0.0 Fire Magic
 + Level 0.0 Ice Magic
 + Level 0.0 Air Magic
 + Level 0.0 Earth Magic
 + Level 0.0 Poison Magic
 + Level 0.1 Invocations
 + Level 0.0 Evocations


You couldn't memorise any spells.
You didn't know any spells.
Your spell library was empty.

Dungeon Overview and Level Annotations

Branches:
Dungeon (5/15)
 Temple: D:4-7

Altars:


Innate Abilities, Weirdness & Mutations

You have very sharp teeth.
Your uncanny sense of smell can sniff out nearby items.
Your experience applies equally to all skills.


Message History

The orc closely misses you.
You barely miss the orc.
The orc is heavily wounded.
The orc completely misses you.
You hit the orc. Your bite misses the orc.
The orc is severely wounded.
The orc hits you but does no damage.
You hit the orc.
You kill the orc!
You barely miss the orc.
The orc hits you with a +2 vorpal hand axe!
You completely miss the orc. The orc barely misses you.
You hit the orc but do no damage.
The orc hits you with a +2 vorpal hand axe.
You barely miss the orc. The orc misses you. The orc completely misses you.
Press: ? - help, v - describe, . - travel, g - get item
Here: an orc, wielding a +2 vorpal hand axe and wearing a +0 chain mail
Items here: a +0 short sword; a +0 leather armour.
The floor.
Unknown command.
You hit the orc but do no damage. The orc barely misses you.
You completely miss the orc.
The orc hits you with a +2 vorpal hand axe.
* * * LOW HITPOINT WARNING * * *
You hit the orc but do no damage. You bite the orc, but do no damage.
The orc barely misses you.
You hit the orc.
The orc is heavily wounded.
The orc completely misses you.
You hit the orc but do no damage. You bite the orc, but do no damage.
The orc is heavily wounded.
The orc hits you with a +2 vorpal hand axe.
* * * LOW HITPOINT WARNING * * *
x2 You closely miss the orc.
The orc is heavily wounded.
The orc closely misses you.
You hit the orc but do no damage.
The orc is heavily wounded.
The orc hits you with a +2 vorpal hand axe.
You die...

#.. .......
#..#.......
#..#.......
#..#.....o.
#..#.......
##..###..#.......
.........!......
#.###...#######
#..@oo.........
#.#..##...#######
#.#.......#
#.###.#..###### #.
#...........
#####.####.#.#######
#.............#
.###.#.###...##
#..........#


You could see 2 orcs.

Vanquished Creatures
  An orc (D:5)
1 creature vanquished.

Notes
Turn   | Place    | Note
-------+----------+-------------------------------------------
     0 | D:5      | Reached skill level 9 in Stealth
     0 | D:5      | Ajdolov the Gnoll Delver began the quest for the Orb.
     0 | D:5      | Reached XP level 1. HP: 23/23 MP: 1/1
    45 | D:5      | HP: 1/23 [orc/+2 vorpal hand axe (1)]
    47 | D:5      | Slain by an orc

Illustrated notes

Levels and vault maps discovered:
D:5:      layout_basic

Skill      XL: | |
---------------+-+-----
Stealth        | |  9.5
Fighting       | |  6.4
Long Blades    | |  4.4
Dodging        | |  4.4
Invocations    | |  0.1

Action                   || total
-------------------------++-------
Melee: Falchion          ||    17
       Bite              ||     2
Armor: Leather armour    ||     3
Dodge: Dodged            ||     9

Table legend: (Time is in decaauts)
 A = Elapsed time spent in this place.
 B = Non-inter-level travel time spent in this place.
 C = Inter-level travel time spent in this place.
 D = Time resting spent in this place.
 E = Time spent auto-exploring this place.
 F = Levels seen in this place.
 G = Mean time per level.
                   A        B        C        D        E       F      G
               +--------+--------+--------+--------+--------+-----+--------+
         Total |     48 |     48 |      0 |      0 |      0 |   1 |   48.0 |
       Dungeon |     48 |     48 |      0 |      0 |      0 |   1 |   48.0 |
               +--------+--------+--------+--------+--------+-----+--------+

Top non-repeatable levels by time:
     D:5: 48 daAuts
